 Dungeon Crawl Stone Soup version 0.29.0-4-gdea44cf6ec (webtiles) character file.

Game seed: 9955935274091954023

84 qw the Chopper (level 4, -2/26 HPs)
             Began as a Tengu Warper on Aug 28, 2022.
             Slain by Natasha (7 damage)
             ... on level 3 of the Dungeon.
             The game lasted 00:00:16 (2346 turns).

qw the Chopper (Tengu Warper)                       Turns: 2346, Time: 00:00:16

Health: -2/26      AC:  7    Str: 13 (14) XL:     4   Next: 45%
Magic:  8/8        EV:  9    Int: 11 (13) God:
Gold:   20         SH:  0    Dex: 11 (13) Spells: 7/7 levels left

rFire   . . .      SeeInvis .   Y - +0 hand axe
rCold   . . .      Faith    .   (no shield)
rNeg    . . .      Spirit   .   c - +0 scale mail
rPois   .          Reflect  .   (helmet restricted)
rElec   .          Harm     .   (no cloak)
rCorr   .          Rampage  .   j - +0 pair of gloves
Will    .....                   (boots unavailable)
Stlth   ..........              (no amulet)
HPRegen 0.08/turn               (no ring)
MPRegen 0.11/turn               (no ring)

@: no status effects
A: beak, talons 3
a: no special abilities


You were on level 3 of the Dungeon.
You visited 1 branch of the dungeon, and saw 3 of its levels.

You collected 108 gold pieces.
You spent 88 gold pieces at shops.


Innate Abilities, Weirdness & Mutations

You have a beak for a mouth.
You have claws for feet.


   Skills:
 - Level 2.0 Fighting
 + Level 5.0 Axes
 - Level 1.0 Throwing
 - Level 1.1 Armour
 - Level 2.1 Dodging
 - Level 2.0 Spellcasting
 - Level 2.4 Translocations


You had 7 spell levels left.
You didn't know any spells.
Your spell library contained the following spells:

 Spells                   Type           Power      Damage    Failure   Level
 Blink                    Tloc           12%        N/A       63%         2
 Gell's Gravitas          Tloc           6%         N/A       85%         3
 Lesser Beckoning         Tloc           6%         N/A       85%         3
 Teleport Other           Tloc           6%         N/A       85%         3
 Manifold Assault         Tloc           6%         N/A       100%        5

Inventory:

Hand Weapons
 k - a +0 flail
 Y - a +0 hand axe (weapon)
Armour
 c - a +0 scale mail (worn)
 j - a +0 pair of gloves (worn)
Scrolls
 a - a scroll of identify
 b - a scroll of immolation {unknown}
Potions
 d - 5 potions of curing
 m - a potion of invisibility {unknown}
 n - a potion of berserk rage {unknown}

Dungeon Overview and Level Annotations

Branches:
Dungeon (3/15)

Altars:
Hepliaklqana

Shops:
D:1 *   D:2 =

Annotations:
D:3 Natasha


Message History

There is a stone staircase leading up here.
Existing waypoints: (1) D:2 (2) D:1 Assign waypoint to what number? (0-9, D - delete waypoint) Waypoint 2 re-assigned from D:1 to D:3.
b - a scroll labelled VIADUE NARRE
There is a stone staircase leading up here.
Natasha and a bat come into view.
Found an iron wand and 5 gold pieces.
Natasha hisses angrily.
The bat hits you but does no damage.
Natasha mumbles some strange words.
2338 ||| Stepping ~*~*~tactically~*~*~ (hiding).
The bat hits you but does no damage.
You closely miss the bat. You claw the bat, but do no damage. You peck the bat.
You kill the bat!
You start waiting.
Natasha is nearby!
Natasha stares at you and mumbles some strange words.
The magic dart hits you.
You hit Natasha. You claw Natasha.
Natasha is lightly wounded.
Natasha casts a spell at you. The magic dart hits you!
You hit Natasha. Your peck misses Natasha.
Natasha is moderately wounded.
Natasha claws you!
You closely miss Natasha.
The crimson imp shouts!
You claw Natasha. You peck Natasha.
Natasha is almost dead.
Natasha claws you.
You hit Natasha but do no damage. Your peck misses Natasha.
Natasha is almost dead.
Natasha claws you but does no damage.
The crimson imp shouts, "Remove thy stench, thou fulsome full-gorged fustilarian!"
You hit Natasha but do no damage.
Natasha is almost dead.
Natasha claws you!
You die...

#. ..#.# #.# ...$#
#.. .... ###.. ...
.... ./ #.. .# ##.
.##.#..#####h#.....
.........<.@$5.....
....#.######.#.###.
. .. .# #.. .# #.
.# # ##


You could see Natasha and a crimson imp (summoned).

Vanquished Creatures
  A gnoll (D:1)
  An adder (D:2)
  A worm (D:2)
  2 dart slugs
  An orc (D:2)
  2 endoplasms
  A giant cockroach (D:1)
  4 goblins (D:2)
  6 hobgoblins
  7 jackals
  3 quokkas
  5 ball pythons
  5 bats
  3 frilled lizards (D:1)
  4 kobolds
  9 rats
55 creatures vanquished.

Notes
Turn   | Place    | Note
-------+----------+-------------------------------------------
     0 | D:1      | qw the Tengu Warper began the quest for the Orb.
     0 | D:1      | Reached XP level 1. HP: 12/12 MP: 4/4
     0 | D:1      | 0 ||| qw: Version: 0.1-a-89-g26bdef1
     0 | D:1      | 0 ||| qw: Game counter: 1382
     0 | D:1      | 0 ||| qw: Always use a shield: true
     0 | D:1      | 0 ||| qw: God list: Okawaru
     0 | D:1      | 0 ||| qw: Allow faded altars: false
     0 | D:1      | 0 ||| qw: Do Orc after D:15 true
     0 | D:1      | 0 ||| qw: Do second Lair branch before Depths: true
     0 | D:1      | 0 ||| qw: Lair rune preference: random
     0 | D:1      | 0 ||| qw: Plans: Normal
     0 | D:1      | 0 ||| PLANNING D:1-11
   187 | D:1      | Reached skill level 3 in Axes
   187 | D:1      | Reached XP level 2. HP: 17/17 MP: 6/6
   198 | D:1      | 198 ||| Stepping ~*~*~tactically~*~*~ (hiding).
   201 | D:1      | 201 ||| Stepping ~*~*~tactically~*~*~ (hiding).
   297 | D:1      | HP: 4/17 [jackal (1)]
   681 | D:1      | 681 ||| Stepping ~*~*~tactically~*~*~ (stealth).
   763 | D:1      | Reached XP level 3. HP: 14/21 MP: 7/7
   940 | D:1      | HP: 5/21 [gnoll/+0 club (4)]
   942 | D:1      | HP: 2/21 [gnoll/+0 club (3)]
   944 | D:1      | Reached skill level 4 in Axes
  1270 | D:1      | Found Jazehocw's Assorted Antiques.
  1293 | D:1      | 1293 ||| BUYING 2 purple potions (43 gold).
  1293 | D:1      | Bought 2 purple potions for 43 gold pieces
  1293 | D:1      | 1293 ||| SHOPLISTING 3 scrolls labelled ISEOSI LAZEN (72
                  | gold, have 45).
  1293 | D:1      | 1293 ||| SHOPLISTING dented garnet amulet (120 gold, have
                  | 45).
  1293 | D:1      | 1293 ||| BUYING purple potion (21 gold).
  1293 | D:1      | Bought a purple potion for 21 gold pieces
  1293 | D:1      | 1293 ||| BUYING scroll labelled USHAFE WEVECO (24 gold).
  1293 | D:1      | Bought a scroll labelled USHAFE WEVECO for 24 gold pieces
  1404 | D:1      | Found a faded altar of an unknown god.
  1451 | D:1      | 1451 ||| UPGRADING to +0 ring mail.
  1461 | D:1      | 1461 ||| DROPPING +0 leather armour.
  1462 | D:1      | 1462 ||| UPGRADING to +0 pair of gloves.
  1467 | D:1      | 1467 ||| READING 4 scrolls labelled USHAFE WEVECO.
  1468 | D:1      | 1468 ||| READING scroll labelled ZUKHU MIUSKOL.
  1469 | D:1      | 1469 ||| READING scroll labelled TAOLIU YPNO.
  1570 | D:1      | 1570 ||| DRINKING 5 purple potions.
  1571 | D:1      | 1571 ||| READING 3 scrolls of identify.
  1571 | D:1      | 1571 ||| IDENTIFYING lumpy sapphire potion
  1572 | D:1      | 1572 ||| READING 2 scrolls of identify.
  1572 | D:1      | 1572 ||| IDENTIFYING silvery potion
  1573 | D:1      | 1573 ||| DROPPING scroll of blinking.
  1574 | D:1      | 1574 ||| DROPPING potion of lignification.
  1575 | D:1      | 1575 ||| DROPPING potion of brilliance.
  1598 | D:2      | 1598 ||| STAIRDANCE
  1643 | D:2      | 1643 ||| STAIRDANCE
  1789 | D:2      | 1789 ||| Stepping ~*~*~tactically~*~*~ (stealth).
  1895 | D:2      | Reached XP level 4. HP: 26/26 MP: 8/8
  1950 | D:2      | Found a hazy altar of Hepliaklqana.
  2003 | D:2      | Found Sywuis's Jewellery Shop.
  2012 | D:2      | 2012 ||| SHOPLISTING +4 ring of protection (396 gold, have
                  | 8).
  2012 | D:2      | 2012 ||| SHOPLISTING amulet of regeneration (330 gold, have
                  | 8).
  2012 | D:2      | 2012 ||| SHOPLISTING amulet of the acrobat (330 gold, have
                  | 8).
  2012 | D:2      | 2012 ||| SHOPLISTING ring "Ugeod" {rPois rC+ Will++} (552
                  | gold, have 8).
  2012 | D:2      | 2012 ||| SHOPLISTING ring of fire (275 gold, have 8).
  2012 | D:2      | 2012 ||| SHOPLISTING ring of ice (275 gold, have 8).
  2169 | D:2      | Reached skill level 5 in Axes
  2172 | D:2      | 2172 ||| DROPPING +0 whip of holy wrath.
  2295 | D:2      | 2295 ||| UPGRADING to +0 scale mail.
  2305 | D:2      | 2305 ||| DROPPING +0 ring mail.
  2306 | D:2      | 2306 ||| DROPPING amulet of faith.
  2307 | D:2      | 2307 ||| READING scroll labelled RIRIRO XIEMA.
  2311 | D:2      | 2311 ||| DRINKING 2 dark potions.
  2312 | D:2      | 2312 ||| READING 2 scrolls of identify.
  2312 | D:2      | 2312 ||| IDENTIFYING orange potion
  2313 | D:2      | 2313 ||| DROPPING potion of degeneration.
  2314 | D:2      | 2314 ||| DROPPING potion of flight.
  2337 | D:3      | Noticed Natasha
  2338 | D:3      | 2338 ||| Stepping ~*~*~tactically~*~*~ (hiding).
  2343 | D:3      | HP: 6/26 [Natasha (8)]
  2346 | D:3      | Slain by Natasha

Levels and vault maps discovered:
D:1:      amcnicky_arrival_gap_in_the_tavern_cellar, layout_basic, serial_shops,
          shop, shapermc_ecumenical_altar_hornbeckon
D:2:      layout_rooms, serial_shops, shop, serial_aquarium,
          aquarium_bridge_straight [aquarium_subvault_bridge,
          aquarium_subvault_wall, aquarium_subvault_bridge,
          aquarium_subvault_wall], aquarium_bridge_straight
          [aquarium_subvault_bridge, aquarium_subvault_window,
          aquarium_subvault_bridge, aquarium_subvault_wall],
          aquarium_window_fake, aquarium_window_1, aquarium_window_fake,
          aquarium_view_2a, aquarium_view_2c, aquarium_pool_2, basic_altar
D:3:      layout_loops_ring, serial_shops, shop, uniq_natasha

Skill      XL: |  1  2  3  4 |
---------------+-------------+-----
Axes           | 3 4 5 |  5.0
Fighting       | |  2.0
Throwing       | |  1.0
Armour         | |  1.1
Dodging        | |  2.1
Spellcasting   | |  2.0
Translocations | |  2.4

Action                   |  1- 3 |  4- 6 || total
-------------------------+-------+-------++-------
Melee: Hand axe          |   105 |    37 ||   142
       Kick              |    21 |    11 ||    32
       Peck              |    15 |    10 ||    25
       Punch             |     1 |       ||     1
Throw: Boomerang         |     7 |       ||     7
  Use: Scroll            |     5 |     2 ||     7
       Potion            |     1 |     1 ||     2
Armor: Leather armour    |    17 |       ||    17
       Ring mail         |    10 |    18 ||    28
       Scale mail        |       |     3 ||     3
Dodge: Dodged            |    56 |    17 ||    73

Table legend:
 A = Non-vault XP
 B = Vault XP
 C = Vault XP percentage of total XP
 D = Non-vault monster count
 E = Vault monster count
 F = Vault count percentage of total count
                 A         B        C        D         E       F
            +---------+---------+-------+---------+---------+-------
      Total |     120 |       0 |   0.0 |      55 |       0 |   0.0
            +---------+---------+-------+---------+---------+-------
        D:1 |      58 |       0 |   0.0 |      30 |       0 |   0.0
        D:2 |      60 |       0 |   0.0 |      24 |       0 |   0.0
        D:3 |       2 |       0 |   0.0 |       1 |       0 |   0.0
            +---------+---------+-------+---------+---------+-------
